 Dungeon Crawl Stone Soup version 0.29.1-1-gd02db6906a (webtiles) character file.

Game seed: 5405545114262968121

11 Demigod47 the Shield-Bearer (level 2, 0/27 HPs)
             Began as a Minotaur Fighter on Oct 16, 2022.
             Was a Follower of Cheibriados.
             Slain by a gnoll
             ... wielding a +0 spear
              (6 damage)
             ... on level 1 of the Dungeon.
             The game lasted 00:01:22 (486 turns).

Demigod47 the Shield-Bearer (Minotaur Fighter)       Turns: 486, Time: 00:01:22

Health: 0/27       AC:  7    Str: 22    XL:     2   Next: 17%
Magic:  1/1        EV:  9    Int:  7    God:    Cheibriados [*.....]
Gold:   34         SH:  4    Dex: 11    Spells: 1/1 levels left

rFire   . . .      SeeInvis .   a - +0 flail
rCold   . . .      Faith    .   c - +0 buckler
rNeg    . . .      Spirit   .   b - +0 scale mail
rPois   .          Reflect  .   (helmet restricted)
rElec   .          Harm     .   (no cloak)
rCorr   .          Rampage  .   (no gloves)
Will    .....                   (no boots)
Stlth   ..........              (no amulet)
HPRegen 0.09/turn               g - ring of flight
MPRegen 0.07/turn               (no ring)

@: flying, very slow
A: horns 2, retaliatory headbutt
a: Renounce Religion, Bend Time


You were on level 1 of the Dungeon.
You worshipped Cheibriados.
Cheibriados was aware of your devotion.
You visited 1 branch of the dungeon, and saw 1 of its levels.

You collected 34 gold pieces.

Inventory:

Hand Weapons
 a - a +0 flail (weapon)
Armour
 b - a +0 scale mail (worn)
 c - a +0 buckler (worn)
Jewellery
 g - a ring of flight (left hand)
Scrolls
 f - a scroll of silence {unknown}
 h - a scroll of identify {unknown}
Potions
 d - a potion of might
 e - 2 potions of curing {unknown}


   Skills:
 + Level 3.8 Fighting
 * Level 2.8 Maces & Flails
 + Level 3.8 Armour
 + Level 4.0 Shields


You had one spell level left.
You didn't know any spells.
Your spell library contained the following spells:

 Spells                   Type           Power      Damage    Failure   Level
 Call Canine Familiar     Summ           0%         N/A       99%         3
 Portal Projectile        Hex/Tloc       0%         N/A       99%         3
 Leda's Liquefaction      Hex/Erth       0%         N/A       100%        4


Dungeon Overview and Level Annotations

Branches:
Dungeon (1/15)

Altars:
Cheibriados


Innate Abilities, Weirdness & Mutations

You have a pair of horns on your head.
You reflexively headbutt those who attack you in melee.


Message History

A gnoll comes into view. It is wielding a +0 spear.
The kobold hits you but does no damage.
You see here a frilled lizard corpse.
The kobold attacks as you move away! The kobold hits you but does no damage.
The kobold throws a stone.
You block the stone.
You barely miss the rat. Your headbutt misses the rat.
The rat closely misses you. You block the rat's attack.
The kobold hits you but does no damage.
You hit the rat.
The rat is moderately wounded.
The kobold completely misses you. The rat barely misses you.
You furiously retaliate!
You headbutt the rat!
You kill the rat!
Cheibriados appreciates the change of pace.
Your Shields skill increases to level 4!
You barely miss the frilled lizard.
Your headbutt misses the frilled lizard.
The frilled lizard bites you but does no damage.
The kobold barely misses you.
You hit the frilled lizard.
You kill the frilled lizard!
Cheibriados thoroughly appreciates the change of pace.
The kobold hits you but does no damage. The gnoll hits you with a +0 spear.
The kobold hits you but does no damage. The gnoll hits you with a +0 spear.
The kobold hits you but does no damage.
Things that are here:
a frilled lizard corpse; a rat corpse; a frilled lizard corpse You hit the gnoll but do no damage.
Your headbutt misses the gnoll. The gnoll hits you with a +0 spear.
The kobold hits you but does no damage.
You closely miss the gnoll. The gnoll hits you but does no damage.
You block the kobold's attack.
You hit the gnoll. Your headbutt misses the gnoll.
The gnoll is lightly wounded.
The gnoll hits you with a +0 spear.
* * * LOW HITPOINT WARNING * * *
The kobold hits you but does no damage.
You barely miss the gnoll.
The gnoll is lightly wounded.
The gnoll hits you with a +0 spear.
You die...

.#.#.####.# #.#
#.#.#...#.# #.#
.#.#.##.#.# ###.#####
#.#.#.....# #.......#
.#.#.########.......#
#.#.#.....).........#
.#.#.##.............# #
#.#.#.#.........K...#....
.#.#.#..........@g......>
#.#.#.#........##.###.##.
.#.#.###.########.# #
#######..########.###
#.....#####...#
#..#####...##.#
#..###.....##.#
###........##.#
##.....).).##


You could see a gnoll and a kobold.

Vanquished Creatures
  A dart slug (D:1)
  A giant cockroach (D:1)
  2 hobgoblins (D:1)
  3 frilled lizards (D:1)
  A kobold (D:1)
  3 rats (D:1)
11 creatures vanquished.

Notes
Turn   | Place    | Note
-------+----------+-------------------------------------------
     0 | D:1      | Demigod47 the Minotaur Fighter began the quest for the Orb.
     0 | D:1      | Reached XP level 1. HP: 19/19 MP: 0/0
   330 | D:1      | Reached XP level 2. HP: 27/27 MP: 1/1
   333 | D:1      | Found a faded altar of an unknown god.
   406 | D:1      | Prayed at the altar of an unknown god.
   406 | D:1      | Became a worshipper of Cheibriados the Contemplative
   406 | D:1      | Reached * piety under Cheibriados
   480 | D:1      | Reached skill level 4 in Shields
   486 | D:1      | Slain by a gnoll

Illustrated notes

Levels and vault maps discovered:
D:1:      spicycebolla_green_bress_n_ham, layout_basic,
          dreamdust_ecumenical_altar_hidden_monk_grotto, minmay_misc_feat_room,
          minivault_23

Skill      XL: |  1  2 |
---------------+-------+-----
Shields        | 4 |  4.0
Fighting       | |  3.8
Maces & Flails | |  2.8
Armour         | |  3.8

Action                   || total
-------------------------++-------
Melee: Flail             ||    26
       Headbutt          ||     1
Armor: Scale mail        ||    23
Dodge: Dodged            ||     9
Block: Buckler           ||     5
